 Dungeon Crawl Stone Soup version 0.22.1-2-g9c5b331 (webtiles) character file.

136 whitewolfNL the Cudgeler (level 4, -5/40 HPs)
             Began as a Minotaur Berserker on Nov 28, 2018.
             Was a Believer of Trog.
             Killed from afar by RoboWizard's ghost (15 damage)
             ... with a flame tongue
             ... on level 3 of the Dungeon.
             The game lasted 00:08:43 (2955 turns).

whitewolfNL the Cudgeler (Minotaur Berserker)       Turns: 2955, Time: 00:08:44

Health: -5/40      AC:  6    Str: 22    XL:     4   Next: 98%
Magic:  3/3        EV:  9    Int:  5    God:    Trog [**....]
Gold:   146        SH:  8    Dex:  9    Spells: 3/3 levels left

rFire    . . .     SeeInvis .   s - +0 flail (crush)
rCold    . . .     Gourm    +   i - +0 shield
rNeg     . . .     Faith    .   t - +0 ring mail
rPois    .         Spirit   .   (helmet restricted)
rElec    .         Reflect  .   o - +0 cloak
rCorr    .         Harm     .   (no gloves)
MR       .....                  (no boots)
Stlth    +.........             l - amulet of the gourmand
HPRegen  0.13/turn              (no ring)
MPRegen  0.08/turn              (no ring)

@: berserk cooldown, slowed, very slow
A: retaliatory headbutt, horns 2
a: Berserk, Trog's Hand, Renounce Religion


You were on level 3 of the Dungeon.
You worshipped Trog.
Trog was pleased with you.
You were very full.

You visited 1 branch of the dungeon, and saw 3 of its levels.

You collected 146 gold pieces.

Inventory:

Hand Weapons
 s - a +0 flail of crushing (weapon)
Missiles
 e - 72 arrows
 g - 19 bolts
Armour
 i - a +0 shield (worn)
 o - a +0 cloak (worn)
 t - a +0 ring mail (worn)
Jewellery
 h - an uncursed amulet of guardian spirit
 l - an amulet of the gourmand (around neck)
Scrolls
 a - a scroll of fear {unknown}
 d - a scroll of blinking {unknown}
 j - a scroll of fog {unknown}
 k - a scroll of remove curse
 p - 2 scrolls of identify {unknown}
 r - a scroll of immolation {unknown}
 v - a scroll of enchant armour {unknown}
Potions
 b - a potion of brilliance {unknown}
 f - a potion of curing {unknown}
 m - a potion of flight {unknown}
 n - 2 potions of agility {unknown}
 u - a potion of magic {unknown}
Comestibles
 c - 7 rations
 q - 5 chunks of flesh


   Skills:
 + Level 4.2 Fighting
   Level 0.1 Long Blades
 * Level 5.1 Maces & Flails
 * Level 3.0 Armour
 * Level 3.0 Dodging
 * Level 1.0 Stealth
 * Level 1.5 Shields


You had 3 spell levels left.
You didn't know any spells.
Your spell library was empty.

Dungeon Overview and Level Annotations

Branches:
Dungeon (3/15)

Altars:
Fedhas
Gozag
Kikubaaqudgha
Okawaru
Wu Jian
The Shining One

Annotations:
D:3 RoboWizard's ghost, amateur TeFE


Innate Abilities, Weirdness & Mutations

You reflexively headbutt those who attack you in melee.
You have a pair of horns on your head.


Message History

You thump the adder!
You kill the adder!
Trog accepts your kill. RoboWizard's ghost closely misses you.
You block the orc's attack. RoboWizard's ghost barely misses you.
You furiously retaliate!
You headbutt RoboWizard's ghost. You block the orc's attack.
Some of the chunks of flesh in your inventory have rotted away.
You miss RoboWizard's ghost.
RoboWizard's ghost is lightly damaged.
RoboWizard's ghost points at you and mumbles some strange words.
The flame tongue hits you! The orc hits you but does no damage.
RoboWizard's ghost ripples.
RoboWizard's ghost hits you.
You are electrocuted!
* * * LOW HITPOINT WARNING * * *
The orc barely misses you. You furiously retaliate!
You headbutt the orc. You hit the orc but do no damage.
The orc is almost dead.
RoboWizard's ghost gestures at you while chanting.
The flame tongue hits you!
You die...

####.# .##### #....
...... #...# # .#####
#...##.###. .....
######.......... #####
##∩8∩##)).##.#
#$.$..#))(...#
#8..$$W.(#####
#∩.8_.'@.# # #8....o..#
# #.$...#..# ##########
##.8.##..######.......##
#####.#........).....##
#.#######........##
.................##
##########........##
#.....)....


You could see RoboWizard's ghost and an orc.

Vanquished Creatures
  An orc wizard (D:3)
  A gnoll (D:1)
  2 adders
  A worm (D:2)
  A dart slug (D:3)
  A leopard gecko (D:1)
  11 orcs (D:3)
  2 ball pythons (D:1)
  5 giant cockroaches
  8 hobgoblins
  6 kobolds
  2 quokkas
  A bat (D:2)
  6 frilled lizards
  4 goblins
  11 rats
63 creatures vanquished.

Notes
Turn   | Place    | Note
-------+----------+-------------------------------------------
     0 | D:1      | whitewolfNL the Minotaur Berserker began the quest for the
                  | Orb.
     0 | D:1      | Reached XP level 1. HP: 19/19 MP: 0/0
    52 | D:1      | Reached skill level 4 in Maces & Flails
    52 | D:1      | Reached XP level 2. HP: 13/27 MP: 1/1
   678 | D:1      | Reached XP level 3. HP: 23/33 MP: 2/2
  1045 | D:2      | Found a blossoming altar of Fedhas.
  1848 | D:2      | Found a glowing golden altar of the Shining One.
  2033 | D:3      | Reached ** piety under Trog
  2033 | D:3      | Reached XP level 4. HP: 9/40 MP: 3/3
  2539 | D:3      | Found an ancient bone altar of Kikubaaqudgha.
  2563 | D:3      | Found an ornate altar of the Wu Jian Council.
  2622 | D:3      | Reached skill level 1 in Shields
  2899 | D:3      | Found an iron altar of Okawaru.
  2916 | D:3      | Found a runed gate.
  2916 | D:3      | Found an opulent altar of Gozag.
  2917 | D:3      | Found a runed gate.
  2917 | D:3      | Found a runed gate.
  2918 | D:3      | Noticed RoboWizard's ghost (amateur TeFE)
  2928 | D:3      | Reached skill level 5 in Maces & Flails
  2928 | D:3      | Reached skill level 1 in Stealth
  2955 | D:3      | Killed from afar by RoboWizard's ghost

Skill      XL: |  1  2  3  4 |
---------------+-------------+-----
Maces & Flails | 4 5 |  5.1
Fighting       | 4 |  4.2
Shields        | 1 |  1.5
Armour         | 3 |  3.0
Stealth        | 1 |  1.0
Dodging        | 3 |  3.0
Long Blades    | |  0.1

Action                   |  1- 3 |  4- 6 || total
-------------------------+-------+-------++-------
Melee: Mace              |    92 |       ||    92
       Headbutt          |    14 |     5 ||    19
       Flail             |       |    25 ||    25
       Long sword        |       |    16 ||    16
Invok: Berserk           |     1 |     2 ||     3
  Use: Scroll            |       |     1 ||     1
 Stab: Sleeping          |     1 |       ||     1
  Eat: Chunk             |     7 |    10 ||    17
Armor: Animal skin       |     7 |       ||     7
       Leather armour    |    13 |     3 ||    16
       Ring mail         |       |    10 ||    10
Dodge: Dodged            |    46 |    18 ||    64
Block: Shield            |    35 |    17 ||    52
       Rpst.: Long sword |       |     3 ||     3
